Map: Temple of the Past

Players

raincamp

  • Race: Zerg Zerg
  • Spawn Location: 0:00

raincamp

  • Race: Terran Terran
  • Spawn Location: 0:00

VOD

Have the link to the VOD?

Description

Time

  • Played on: Oct. 25, 2017, 10:14 a.m.
  • Length: 34:58
Show
View Real Time Build Order
Export as new Build Order

raincamp Zerg 

Build Orders:  

Get SALT Encoding   

  12  0:03  Drone  
  13  0:15  Drone  
  14  0:24  Overlord  
  14  0:35  Extractor  
  14  0:36  Drone, Extractor  
  13  0:42  Drone  
  14  0:55  Drone  
  15  1:06  Drone x2  
  15  1:09  Drone  
  18  1:34  Roach Warren  
  17  2:01  Drone  
  17  2:03  Roach x2  
  22  2:10  Overlord  
  22  2:35  Lair  
  22  2:46  Roach  
  24  3:14  Drone x2  
  26  3:23  Evolution Chamber  
  26  3:25  Drone, Spire  
  25  3:41  Drone x2  
  27  3:57  Roach  
  27  4:19  Brutalisk  
  27  4:38  Drone x3  
  30  4:41  Overlord x2  
  30  4:46  Zerg Missile Weapons Level 1  
  30  4:47  Spine Crawler  
  29  4:52  Spine Crawler  
  28  5:38  Spore Crawler x2  
  26  5:40  Spore Crawler  
  26  5:42  Roach  
  26  5:45  Spore Crawler  
  24  6:04  Brutalisk  
  24  6:11  Roach  
  24  6:33  Brutalisk  
  24  7:31  Mutalisk x3  
  30  8:03  Mutalisk  
  30  8:12  Drone x3  
  30  8:13  Drone x2  
  35  8:24  Hatchery  
  35  8:25  Extractor  
  35  8:28  Extractor  
  32  8:31  Leviathan  
  32  8:56  Zerg Missile Weapons Level 2  
  32  8:57  Spore Crawler, Zerg Flyer Weapons Level 1  
  32  8:58  Spore Crawler  
  32  8:59  Spore Crawler x2  
  28  9:01  Drone x4  
  28  9:02  Drone x2  
  28  9:03  Drone  
  35  9:12  Infestation Pit  
  35  9:14  Drone x2  
  35  9:15  Drone  
  37  9:46  Mutalisk  
  37  9:54  Mutalisk, Drone x3  
  37  9:56  Drone x3  
  43  10:14  Leviathan  
  41  10:22  Leviathan  
  41  10:45  Swarm Host x3  
  41  10:46  Overlord  
  41  10:47  Overlord  
  50  10:59  Overlord  
  50  11:00  Overlord  
  50  11:16  Swarm Host  
  50  11:18  Drone  
  54  11:42  Drone  
  54  11:43  Drone x3  
  58  12:10  Swarm Host x2  
  58  12:12  Drone x2  
  58  12:13  Drone x2  
  68  12:52  Hive  
  68  12:55  Zerg Flyer Weapons Level 2  
  68  13:08  Spore Crawler  
  67  13:10  Spore Crawler  
  67  13:12  Spore Crawler, Swarm Host  
  67  13:14  Spore Crawler  
  64  13:24  Swarm Host  
  64  13:25  Swarm Host  
  64  13:29  Drone x2  
  82  13:30  Drone  
  73  13:47  Brutalisk  
  72  14:07  Deep Tunnel  
  72  14:24  Zerg Missile Weapons Level 3  
  72  14:27  Drone x2  
  72  14:28  Drone  
  75  14:31  Drone x3  
  78  15:11  Swarm Host x2  
  78  15:13  Overlord  
  78  15:14  Overlord x4  
  84  15:37  Pressurized Glands  
  84  15:40  Drone x2  
  84  15:41  Drone x3  
  89  15:52  Spore Crawler  
  89  15:55  Spore Crawler  
  89  15:59  Drone x2  
  89  16:00  Drone x4  
  89  16:01  Zerg Flyer Weapons Level 3  
  93  16:22  Swarm Host x2  
  99  16:50  Drone x2  
  99  16:51  Drone x4  
  105  17:16  Swarm Host x4  
  117  17:54  Swarm Host  
  117  17:55  Swarm Host  
  117  17:57  Overlord x3  
  123  18:02  Spore Crawler  
  123  18:03  Spore Crawler  
  123  18:06  Spore Crawler  
  117  18:43  Swarm Host x4  
  117  18:44  Swarm Host  
  132  19:07  Swarm Host x2  
  138  19:49  Spore Crawler x2  
  136  19:50  Spore Crawler  
  132  20:10  Swarm Host x3  
  132  20:11  Swarm Host  
  141  20:50  Swarm Host x2  
  141  20:52  Overlord x4  
  147  21:57  Swarm Host x3  
  147  21:58  Swarm Host x5  
  171  22:00  Overlord  
  171  22:01  Overlord  
  171  22:38  Spore Crawler  
  170  22:40  Spore Crawler  
  169  23:03  Swarm Host x2  
  169  23:04  Swarm Host x3  
  169  23:07  Overlord x2  
  184  23:31  Swarm Host  
  184  23:43  Swarm Host x2  
  184  23:44  Swarm Host  
  193  24:06  Brutalisk  
  184  24:31  Swarm Host  
  184  25:06  Brutalisk  
  181  25:18  Swarm Host x4  
  181  25:19  Swarm Host x2  
Show
View Real Time Build Order
Export as new Build Order

raincamp Terran 

Build Orders:  

Get SALT Encoding   

Tags
 
Add a new tag
Caveats
  • Supply blocks, unpowered buildings, or Contaminate may cause inaccurate times.
  • Supply counts are checked every 10 seconds.